2994 views
Uploaded 2020-04-23 22:34:28
Game version 1.32.3
6:31 long 1on1 ladder game on (4)TurtleRock
Saved by BEARAND
2994 views
Uploaded 2020-04-23 22:34:28
Game version 1.32.3
6:31 long 1on1 ladder game on (4)TurtleRock

/ 0k
1 buildings @ 0.3k
/ 0.2k
| Wisp | 1 | 60 | / | 0 |
| total: | 1 | 60g | / | 0w |
| Tree of Life | 1 | 340 | / | 185 |
| total: | 1 | 340g | / | 185w |
| 0:08 | Wisp |
| 2:11 | Tree of Life |
| Right click | 111 |
| Use ability | 26 |
| Select | 22 |
| Build/train/purchase | 2 |
15 units @ 1.1k
/ 0k
20 buildings @ 1.5k
/ 0.6k

| Scroll of Regeneration | 1 | 100 |
| Boots of Speed | 1 | 250 |
| Staff of Teleportation | 1 | 150 |
| total: | 3 | 500g |
| Peasant | 15 | 1125 | / | 0 |
| total: | 15 | 1125g | / | 0w |
| Scout Tower | 12 | 360 | / | 240 |
| Arcane Tower | 1 | 70 | / | 50 |
| Guard Tower | 6 | 420 | / | 300 |
| Altar of Kings | 1 | 180 | / | 50 |
| Farm | 4 | 320 | / | 80 |
| Lumber Mill | 1 | 120 | / | 0 |
| Arcane Vault | 1 | 130 | / | 30 |
| Town Hall | 1 | 385 | / | 205 |
| Keep | 1 | 320 | / | 210 |
| total: | 20 | 1495g | / | 605w |
| 0:02 | Peasant |
| 0:02 | Peasant |
| 0:03 | Peasant |
| 0:09 | Altar of Kings |
| 0:21 | Farm |
| 0:22 | Peasant |
| 0:22 | Peasant |
| 1:00 | Lumber Mill |
| 1:00 | Peasant |
| 1:03 | Scout Tower |
| 1:08 | Peasant |
| 1:19 | Farm |
| 1:22 | Arcane Vault |
| 1:24 | Peasant |
| 1:38 | Arcane Tower |
| 1:40 | Scout Tower |
| 1:47 | Peasant |
| 1:50 | Peasant |
| 2:08 | Blizzard |
| 2:10 | Guard Tower |
| 2:12 | Peasant |
| 2:13 | Peasant |
| 3:04 | Scout Tower |
| 3:04 | Scout Tower |
| 3:26 | Peasant |
| 3:26 | Peasant |
| 3:26 | Peasant |
| 3:31 | Brilliance Aura |
| 3:47 | Guard Tower |
| 4:13 | Boots of Speed |
| 4:13 | Staff of Teleportation |
| 4:19 | Town Hall |
| 4:24 | Scroll of Regeneration |
| 4:48 | Guard Tower |
| 4:49 | Keep |
| 5:13 | Scout Tower |
| 5:14 | Scout Tower |
| 5:17 | Scout Tower |
| 5:20 | Improved Masonry |
| 5:27 | Farm |
| 5:28 | Farm |
| 5:31 | Guard Tower |
| 5:41 | Scout Tower |
| 5:49 | Guard Tower |
| 5:51 | Scout Tower |
| 5:56 | Scout Tower |
| 6:14 | Guard Tower |
| 6:16 | Scout Tower |
| 6:24 | Scout Tower |
| Right click | 323 |
| Select | 105 |
| Select group | 99 |
| Build/train/purchase | 57 |
| Misc. action | 19 |
| Chat | 15 |
| Assign group | 7 |
| Use ability | 7 |
| Item give/drop | 1 |